 Dungeon Crawl Stone Soup version 0.31-a0-460-g9e667d4245 (webtiles) character file.

Game seed: 2117682004073510729

3391967 Ofeo the Slayer (level 27, 240/240 HPs)
             Began as a Demonspawn Shapeshifter on Aug 5, 2023.
             Was the Champion of Dithmenos.
             Escaped with the Orb
             ... and 6 runes!
             The game lasted 03:49:08 (95521 turns).

Ofeo the Slayer (Demonspawn Shapeshifter)          Turns: 95521, Time: 03:49:09

Health: 240/240    AC: 37    Str: 18    XL:     27
Magic:  41/41      EV: 32    Int: 13    God:    Dithmenos [******]
Gold:   9324       SH:  8    Dex: 31    Spells: 26/26 levels left

rFire   + + .        b - +9 longbow (freeze)
rCold   + . .        (shield currently unavailable)
rNeg    + + +        K - +10 pearl dragon scales
rPois   +            (helmet unavailable)
rElec   +            V - +2 cloak {Stlth+}
rCorr   .            f - +1 pair of gloves "Woduashre" {Will+}
SInv    +            z - +3 pair of seven-league boots {Rampage+∞}
Will    ++...        n - amulet "Laydwal" {Faith +Blink rF+ rN+++ Int-3}
Stlth   +++++        Y - ring of Reimbursement {rElec rPois rC+ Will- Dex+4}
HPRegen 1.60/turn    m - ring of Quafaj {rElec Dex+6}
MPRegen 0.27/turn

%: random rage (3%), rampage+∞, faith
@: wreathed by umbra, studying 3 skills
A: antennae 3, large bone plates 3, demonic guardian 3, powered by death 3,
corrupting presence 2, word of chaos, berserk 1, clever 1, deformed body, fire
resistance 1, high MP 1, sense surroundings 1, subdued magic 1
0: Orb of Zot
}: 6/15 runes: decaying, slimy, silver, magical, fiery, gossamer
a: Word of Chaos, Renounce Religion, Evoke Blink, Shadow Step, Shadow Form


You escaped.
You worshipped Dithmenos.
Dithmenos was exalted by your worship.
You visited 12 branches of the dungeon, and saw 56 of its levels.
You visited Pandemonium 1 time, and saw 5 of its levels.
You visited the Abyss 2 times.
You also visited: Trove, Ossuary, Gauntlet, Ice Cave and Wizlab.

You collected 13717 gold pieces.
You spent 4393 gold pieces at shops.

Inventory:

Hand Weapons
 a - the +12 pair of quick blades "Gyre" and "Gimble" {protect}
   (You found it on level 3 of the Crypt)
 b - a +9 longbow of freezing (weapon)
Missiles
 J - 7 throwing nets
Armour
 f - the +1 pair of gloves "Woduashre" (worn) {Will+}
   (You found it on level 3 of the Dungeon)

   Will:      It increases your willpower.
 z - the +3 pair of seven-league boots (worn) {Rampage+∞}
   (You found it on level 5 of the Pits of Slime)

   Rampage+∞: When moving toward enemies, its wearer moves as far as possible,
   alerting their target en route.
 K - +10 pearl dragon scales (worn)
 V - a +2 cloak of stealth (worn)
Jewellery
 j - a ring of flight
 m - the ring of Quafaj (right hand) {rElec Dex+6}
   (You found it on level 3 of the Elven Halls)

   [ring of dexterity]

   Dex:       It affects your dexterity (+6).
   rElec:     It insulates you from electricity.
 n - the amulet "Laydwal" (around neck) {Faith +Blink rF+ rN+++ Int-3}
   (You acquired it on level 3 of the Depths)

   [amulet of faith]

   It allows you to gain divine favour quickly.
   Int:       It affects your intelligence (-3).
   rF:        It protects you from fire.
   rN:        It renders you almost immune to negative energy.
   +Blink:    It lets you blink.
 H - a ring of ice
 I - a ring of protection from cold
 L - the ring "Musaeh" {rC+ rCorr Int+3}
   (You bought it in a shop on level 2 of the Orcish Mines)

   [ring of resist corrosion]

   Int:       It affects your intelligence (+3).
   rC:        It protects you from cold.
   rCorr:     It protects you from acid and corrosion.
 T - the ring of Wetutij {Str+6 Int+6 Dex-2 SInv}
   (You found it in a treasure trove)

   [ring of strength]

   Str:       It affects your strength (+6).
   Int:       It affects your intelligence (+6).
   Dex:       It affects your dexterity (-2).
   SInv:      It lets you see invisible.
 Y - the ring of Reimbursement (left hand) {rElec rPois rC+ Will- Dex+4}
   (You found it in a treasure trove)

   [ring of protection from cold]

   Dex:       It affects your dexterity (+4).
   rC:        It protects you from cold.
   rElec:     It insulates you from electricity.
   rPois:     It protects you from poison.
   Will:      It decreases your willpower.
 Z - the ring of Elaumyla {rPois rF- EV+5 Str+2 Dex+5}
   (You found it in a treasure trove)

   [ring of evasion]

   EV:        It affects your evasion (+5).
   Str:       It affects your strength (+2).
   Dex:       It affects your dexterity (+5).
   rF:        It makes you vulnerable to fire.
   rPois:     It protects you from poison.
Wands
 k - a wand of acid (61) {@v2}
 r - a wand of mindburst (37)
 F - a wand of paralysis (64)
 N - a wand of polymorph (58)
 P - a wand of digging (45) {@v1}
 X - a wand of roots (44)
Scrolls
 g - 3 scrolls of immolation
 i - 39 scrolls of identify {@r1}
 o - 16 scrolls of amnesia
 p - 6 scrolls of poison
 w - 7 scrolls of fear
 y - 3 scrolls of teleportation {@r3}
 C - 5 scrolls of blinking {@r4}
 D - a scroll of enchant weapon
 M - 5 scrolls of revelation
 O - 3 scrolls of silence
 Q - 4 scrolls of enchant armour
 U - 5 scrolls of fog
Potions
 d - a potion of berserk rage
 l - 5 potions of mutation
 q - 3 potions of curing {@q1}
 s - 12 potions of brilliance
 u - 6 potions of invisibility
 v - 13 potions of magic
 A - 7 potions of enlightenment
 B - 3 potions of cancellation
 E - 4 potions of resistance {@q6}
 G - 2 potions of ambrosia
 R - 7 potions of lignification
Miscellaneous
 c - a phantom mirror
 S - a phial of floods


   Skills:
 + Level 24.4 Fighting
 + Level 22.0 Ranged Weapons
 + Level 23.5 Armour
 - Level 23.0 Dodging
 - Level 16.0 Stealth
 - Level 2.9 Unarmed Combat
 - Level 21.4 Invocations
 - Level 15.0 Evocations
 - Level 4.6 Shapeshifting


You had 26 spell levels left.
You didn't know any spells.
Your spell library contained the following spells:

 Spells                   Type           Power      Damage    Failure   Level
 Apportation              Tloc           0%         N/A       47%         1
 Kiss of Death            Conj/Necr      0%         2d5       47%         1
 Magic Dart               Conj           0%         1d3       47%         1
 Necrotise                Necr           0%         1d4       47%         1
 Sandblast                Erth           0%         2d4       47%         1
 Slow                     Hex            0%         N/A       47%         1
 Sting                    Tmut/Pois      0%         1d3       47%         1
 Summon Small Mammal      Summ           0%         N/A       47%         1
 Blink                    Tloc           0%         N/A       63%         2
 Cigotuvi's Dreadful Rot  Necr/Pois/Air  0%         N/A       63%         2
 Ensorcelled Hibernation  Hex/Ice        0%         N/A       63%         2
 Lesser Beckoning         Tloc           0%         N/A       63%         2
 Momentum Strike          Conj/Tloc      0%         3d8       63%         2
 Passwall                 Tmut/Erth      0%         N/A       63%         2
 Poisonous Vapours        Pois/Air       0%         N/A       63%         2
 Searing Ray              Conj           0%         2d4       63%         2
 Static Discharge         Conj/Air       0%         2-2/arc   63%         2
 Sublimation of Blood     Necr           0%         N/A       63%         2
 Wereblood                Tmut           0%         N/A       63%         2
 Call Canine Familiar     Summ           0%         N/A       86%         3
 Confusing Touch          Hex            0%         N/A       86%         3
 Frozen Ramparts          Ice            0%         1d1       86%         3
 Hailstorm                Conj/Ice       0%         3d3       86%         3
 Ignite Poison            Fire/Tmut/Pois 0%         N/A       86%         3
 Inner Flame              Hex/Fire       0%         N/A       86%         3
 Mephitic Cloud           Conj/Pois/Air  0%         N/A       86%         3
 Ozocubu's Armour         Ice            0%         N/A       86%         3
 Portal Projectile        Hex/Tloc       0%         N/A       86%         3
 Summon Guardian Golem    Hex/Summ       0%         N/A       86%         3
 Swiftness                Air            0%         N/A       86%         3
 Tukima's Dance           Hex            0%         N/A       86%         3
 Vampiric Draining        Necr           0%         2d6       86%         3
 Airstrike                Air            0%         2d(0-16)  99%         4
 Anguish                  Hex/Necr       0%         N/A       99%         4
 Animate Dead             Necr           0%         N/A       99%         4
 Cause Fear               Hex            0%         N/A       99%         4
 Dispel Undead            Necr           0%         3d6       99%         4
 Flame Wave               Conj/Fire      0%         2d4       99%         4
 Fulminant Prism          Conj/Hex       0%         3d5       99%         4
 Iskenderun's Mystic Bla  Conj/Tloc      0%         2d3       99%         4
 Leda's Liquefaction      Hex/Erth       0%         N/A       99%         4
 Manifold Assault         Tloc           0%         N/A       99%         4
 Olgreb's Toxic Radiance  Pois           0%         N/A       99%         4
 Passage of Golubria      Tloc           0%         N/A       99%         4
 Petrify                  Tmut/Erth      0%         N/A       99%         4
 Sticky Flame             Conj/Fire      0%         2d3       99%         4
 Summon Ice Beast         Ice/Summ       0%         N/A       99%         4
 Summon Lightning Spire   Summ/Air       0%         N/A       99%         4
 Agony                    Necr           0%         N/A       100%        5
 Alistair's Intoxication  Tmut/Pois      0%         N/A       100%        5
 Borgnjor's Vile Clutch   Necr/Erth      0%         N/A       100%        5
 Fireball                 Conj/Fire      0%         3d3       100%        5
 Freezing Cloud           Conj/Ice/Air   0%         6-21      100%        5
 Irradiate                Conj/Tmut      0%         3d11      100%        5
 Iskenderun's Battlesphe  Conj           0%         2d6       100%        5
 Metabolic Englaciation   Hex/Ice        0%         N/A       100%        5
 Summon Forest            Summ/Tloc      0%         N/A       100%        5
 Yara's Violent Unravell  Hex/Tmut       0%         3d3       100%        5
 Conjure Ball Lightning   Conj/Air       0%         3x3d6     100%        6
 Death Channel            Necr           0%         N/A       100%        6
 Eringya's Noxious Bog    Tmut/Pois      0%         4d6       100%        6
 Leda's Unmaking          Conj/Erth      0%         9d1       100%        6
 Simulacrum               Ice/Necr       0%         N/A       100%        6
 Starburst                Conj/Fire      0%         6d3       100%        6
 Enfeeble                 Hex            0%         N/A       100%        7
 Haunt                    Necr/Summ      0%         N/A       100%        7
 Malign Gateway           Summ/Tloc      0%         N/A       100%        7
 Ozocubu's Refrigeration  Ice            0%         4d7       100%        7
 Spellforged Servitor     Conj/Summ      0%         N/A       100%        7
 Summon Hydra             Summ           0%         N/A       100%        7
 Borgnjor's Revivificati  Necr           0%         N/A       100%        8
 Discord                  Hex            0%         N/A       100%        8
 Disjunction              Tloc           0%         N/A       100%        8
 Ignition                 Fire           0%         3d3       100%        8
 Summon Horrible Things   Summ           0%         N/A       100%        8
 Chain Lightning          Conj/Air       0%         N/A       100%        9
 Death's Door             Necr           0%         N/A       100%        9
 Dragon's Call            Summ           0%         N/A       100%        9
 Fire Storm               Conj/Fire      0%         5d1       100%        9
 Polar Vortex             Ice            0%         N/A       100%        9
 Shatter                  Erth           0%         3d5*      100%        9


Dungeon Overview and Level Annotations

Branches:
Dungeon (15/15)            Temple (1/1) D:6            Lair (5/5) D:9
  Swamp (4/4) Lair:2       Spider (4/4) Lair:3        Slime (5/5) Lair:5
    Orc (2/2) D:9             Elf (3/3) Orc:2        Vaults (5/5) D:14
  Crypt (3/3) Vaults:2       Tomb (0/3) Crypt:3      Depths (4/4) D:15
    Zot (5/5) Depths:4    Ossuary (visited)           IceCv (visited)
 WizLab (visited)         Gauntlet (visited)

Altars:
Ashenzari
Cheibriados
Dithmenos
Fedhas
Gozag
Hepliaklqana
Kikubaaqudgha
Makhleb
Nemelex Xobeh
Okawaru
Qazlal
Ru
Sif Muna
Trog
Uskayaw
Vehumet
Wu Jian
Xom
Yredelemnul
Jiyva

Shops:
D:5 *   Orc:2 [(=!   Elf:1 ?   Vaults:1 [   Vaults:2 (   Vaults:4 (=((*
Vaults:5 *

Portals:
Hell: Depths:1 Depths:2 Depths:3 Depths:4
Abyss: Depths:3
Pandemonium: Depths:1 Depths:2 Depths:4
Ziggurat: Depths:2

Annotations:
Spider:2 Pesouf's ghost, adept MfHs
Spider:3 2 transporters, Dojos's ghost, adept NaFi; Yvvueqof's ghost, journeyman FeEn
Spider:4 2 transporters, Rubb's ghost, adept SpEE
Elf:1 1 runed translucent door
Vaults:2 Mennas
Vaults:4 2 transporters, exclusion: obsidian statue
Zot:3 2 runed translucent doors, Vyqe's ghost, master MfIE


Innate Abilities, Weirdness & Mutations

You have a pair of large antennae on your head. (SInv)
You are completely covered in large bone plates. (SH +8)
A powerful demonic guardian rushes to your aid.
You regenerate a lot of health from kills.
Your presence sometimes corrodes or deforms those you injure.
You can speak a Word of Chaos.
You sometimes lose your temper in combat.
Your mind is acute. (Int +4, Str/Dex -1)
Armour fits poorly on your strangely shaped body.
Your flesh is heat resistant. (rF+)
You have an increased reservoir of magic. (+10% MP)
You passively map a small area around you.
Your spells are a little easier to cast, but a little less powerful.


Message History

You kill the green death!
Dithmenos accepts your kill.
Your shadow shoots an arrow.
You feel sick.
No target in view!
No target in view!
(D) Dungeon (T) Temple (L) Lair (S) Swamp (N) Spider Nest (M) Slime Pits (O) Orcish Mines (E) Elven Halls (V) Vaults (C) Crypt (W) Tomb (U) Depths (H) Hell (Z) Zot
Where to? (Enter - D:1, ? - help)
You feel sick.
You feel sick.
You feel sick.
You feel sick.
You feel sick.
You feel sick.
You feel sick.
You are no longer poisoned.
There is a stone staircase leading up here.
You climb upwards.
There is a stone staircase leading down here.
You regained 4 hp, and now have 236/240 hp.
HP restored.
A toenail golem comes into view.
Health restored: 240
There is a staircase leading out of the dungeon here.
You shoot an arrow. The arrow hits the toenail golem!!
Your corrupting presence corrodes the toenail golem!
The arrow freezes the toenail golem.
The toenail golem is heavily damaged.
You shoot an arrow. The arrow hits the toenail golem!!
The arrow freezes the toenail golem.
The toenail golem seems to be corroded for longer.
The toenail golem is almost destroyed.
The toenail golem completely misses you.
You shoot an arrow. The arrow hits the toenail golem!
You destroy the toenail golem!
Dithmenos accepts your kill.
No target in view!
You have escaped!

............≈...#...≈.........#
#######..#...≈..#..≈...#....###
#....#..≈..#..≈..#.....#
#.....#..≈.#.≈..#......# ##
#..§...#.≈.#.≈.#...≈...# .#
#...≈≈..#.≈.≈.#..≈≈....# .#
#.....≈≈.#...#§≈§..(...# .#
##.......≈....§§........# .#
##..######...@...######..# .#
#.........≈.....§......).#
.###.......≈≈.#...#.≈§..§...#
....).)..§≈..#.§.§.#..≈§...##
........≈...#.≈.#.§.#...≈..#
.....#.....#..§.#.§§.#.....#
..........#..≈..#§.≈..#....#
####.....#...≈..#..≈...#..##
#.##.....≈...#...§.....#


There were no monsters in sight!

Vanquished Creatures
  Cerebov (Pan)
  the Royal Jelly (Slime:5)
  Ignacio (Pan)
  Lom Lobon (Pan)
  5 pandemonium lords
  A dread lich (Zot:5)
  4 orbs of fire (Zot:5)
  2 ancient liches
  3 juggernauts
  Sojobo (Depths:3)
  Josephina (Crypt:1)
  Vv (Crypt:1)
  3 Killer Klowns
  Xtahua (Vaults:5)
  Margery (Vaults:2)
  4 curse toes
  15 golden dragons
  Norris (Depths:3)
  A bone dragon (Depths:4)
  5 Brimstone Fiends
  3 doom hounds
  3 electric golems
  A shard shrike zombie (Crypt:3)
  28 Orb Guardians
  14 tentacled monstrosities
  5 liches
  2 hellephants (Depths:1)
  Rupert (Lair:3)
  8 Ice Fiends
  A Hell Sentinel (Abyss:2)
  Grunn (Zot:1)
  Asterion (Elf:2)
  5 deep elf blademasters
  9 deep elf master archers
  9 titans
  4 quicksilver dragons
  4 death cobs
  6 sphinxes
  An ancient champion (Crypt:2)
  4 Executioners
  36 acid blobs
  4 tentacled starspawn (Abyss:2)
  15 storm dragons
  Kirke (Swamp:3)
  5 thorn hunters
  An azure jelly (shapeshifter) (Vaults:5)
  13 tengu reavers
  Donald (Slime:5)
  Aizul (Elf:2)
  Roxanne (Elf:2)
  7 demonspawn warmongers (Pan)
  A revenant (Crypt:2)
  9 shadow dragons
  3 fenstrider witches (WizLab)
  11 azure jellies
  18 rockslimes (Slime:5)
  7 draconian monks
  27 balrugs
  11 ghost moths
  Louise (Elf:1)
  18 vault wardens
  9 frost giants
  3 iron dragons (Vaults:5)
  A draconian knight (Zot:1)
  7 emperor scorpions
  9 deep elf sorcerers
  A deep elf elementalist (Elf:3)
  6 cacodemons (Pan)
  3 draconian scorchers
  7 fire giants
  3 caustic shrike zombies
  A draconian shifter (Zot:5)
  20 reapers
  4 curse skulls
  2 orc warlords
  A ghoul (Crypt:2)
  A juggernaut zombie (Crypt:2)
  4 draconian stormcallers
  A spriggan defender (Depths:3)
  3 draconian annihilators
  15 very ugly things
  3 broodmothers
  12 ironbound thunderhulks
  2 demonspawn blood saints (Pan)
  16 ironbound preservers
  A demonspawn corrupter (Pan)
  2 caustic shrike skeletons
  25 stone giants
  18 quicksilver oozes
  Nessos (Orc:2)
  6 formless jellyfish
  A war gargoyle (Vaults:2)
  5 eleionomae
  A vampire knight (Crypt:1)
  2 juggernaut skeletons
  5 deep elf demonologists
  7 dire elephants
  4 lorocyprocas (Pan)
  5 purple draconians
  4 red draconians
  17 yellow draconians
  9 black draconians
  6 green draconians
  6 bunyips
  10 white draconians
  10 deep elf annihilators
  A minotaur (Gauntlet)
  8 spark wasps
  3 demonspawn black suns (Pan)
  12 blizzard demons
  8 eidola (Crypt:3)
  9 ettins
  Snorg (Lair:3)
  14 jiangshi
  A crystal guardian (Vaults:2)
  6 green deaths
  A mummy priest (Crypt:3)
  8 deep elf death magi
  7 fire dragons
  4 shambling mangroves
  23 yaktaur captains
  4 deep elf high priests
  8 entropy weavers
  15 great orbs of eyes
  5 spriggan zombies
  2 peacekeepers
  Harold (D:10)
  8 rakshasas
  48 vault guards
  18 hydras
  15 ice dragons
  2 radroaches (Spider:1)
  3 ghost crabs
  2 death knights (Crypt:2)
  A merfolk avatar (Lair:5)
  8 spriggan air magi
  A jorogumo (Spider:2)
  A spriggan skeleton (Crypt:3)
  10 boulder beetles
  2 hell beasts
  3 ogre magi
  3 ironbound frosthearts
  20 centaur warriors
  A satyr (WizLab)
  A fenstrider witch skeleton (Crypt:2)
  A satyr (shapeshifter) (Vaults:5)
  2 naga warriors (Abyss:2)
  10 alligators
  18 two-headed ogres
  7 tengu warriors
  2 thrashing horrors (Abyss:2)
  4 deep troll earth magi
  7 spriggan berserkers
  5 death yaks
  6 deep troll shamans
  33 dancing weapons
  2 titan zombies (Crypt:3)
  6 naga sharpshooters (WizLab)
  2 orc high priests (Orc:2)
  13 hell knights
  16 demonic crawlers
  5 vampire magi
  86 sun demons
  19 deep elf knights
  17 spriggans
  21 soul eaters
  10 sixfirhies
  A wretched star (Abyss:2)
  2 skysharks (Lair:5)
  5 skeletal warriors
  9 pharaoh ants
  40 deep trolls
  3 goliath frogs (Swamp:4)
  4 iron trolls
  4 sun moths (Spider:1)
  14 orb spiders
  A sea snake (Lair:5)
  A shadow demon (Pan)
  11 swamp dragons
  3 spriggan druids
  A golden dragon zombie (Crypt:1)
  7 bog bodies
  9 glowing orange brains
  18 ironbound convokers
  A flayed ghost (Crypt:2)
  Pikel (D:4)
  4 harpies (Vaults:2)
  A bunyip skeleton (Crypt:3)
  18 phantasmal warriors
  14 deep elf archers
  8 lindwurms
  16 wizards
  14 orc knights
  8 steelbarb worms
  31 necromancers
  A tengu skeleton (Vaults:2)
  26 deep elf pyromancers
  21 deep elf zephyrmancers
  12 starcursed masses (Abyss:2)
  6 oklob plants
  5 will-o-the-wisps
  22 wolf spiders
  An iron dragon zombie (Crypt:3)
  49 ugly things
  6 fauns (WizLab)
  A worldbinder (Abyss:2)
  5 cyclopes
  2 shining eyes
  A stone giant zombie (Crypt:3)
  5 orc sorcerers
  5 elephants
  A salamander (Abyss:2)
  9 human skeletons
  Joseph (D:10)
  A manticore (D:15)
  A centaur zombie (Crypt:2)
  24 moths of wrath
  A stone giant skeleton (Vaults:2)
  Maurice (D:10)
  A toenail golem (D:1)
  A water nymph (shapeshifter) (Depths:3)
  3 frost giant skeletons
  10 vault sentinels
  2 gargoyles (D:13)
  2 fire giant skeletons
  5 rust devils
  5 torpor snails
  7 black mambas
  4 elf zombies
  A guardian serpent (Abyss:2)
  2 ice statues (IceCv)
  21 orange demons (Pan)
  An eye of devastation (Slime:5)
  A dire elephant zombie (Crypt:3)
  A centaur skeleton (Crypt:1)
  2 naga skeletons
  A dire elephant skeleton (Crypt:3)
  4 elf skeletons
  11 cane toads
  22 smoke demons
  2 unseen horrors
  A kobold demonologist (Abyss:2)
  A hellion (Pan)
  8 rime drakes
  A bunyip simulacrum (Crypt:2)
  12 efreet
  35 yaktaurs
  A yaktaur (shapeshifter) (Elf:3)
  6 freezing wraiths
  A minotaur zombie (Gauntlet)
  4 komodo dragons
  A komodo dragon (shapeshifter) (Vaults:5)
  5 ice devils
  5 tormentors
  A hydra zombie (Crypt:3)
  6 tengu conjurers
  2 white draconian skeletons (Crypt:2)
  2 ancient zymes (Abyss:2)
  An iron giant simulacrum (Crypt:2)
  4 polar bears
  A queen bee (Gauntlet)
  6 red devils (Pan)
  A polar bear (shapeshifter) (D:15)
  A queen bee (shapeshifter) (Elf:1)
  4 trolls
  28 tarantellas
  14 tyrant leeches
  A meliai (Lair:3)
  6 blink frogs (Lair:5)
  28 hellwings
  2 bloated husks
  A snapping turtle (Lair:5)
  2 harpy zombies (Crypt:3)
  25 hornets
  12 wind drakes
  A boulder beetle zombie (Crypt:1)
  2 harpy skeletons (Crypt:3)
  9 raiju
  A snapping turtle (shapeshifter) (Vaults:1)
  An iron dragon simulacrum (Crypt:1)
  A satyr zombie (Crypt:1)
  2 raiju (shapeshifter)
  5 ettin zombies
  5 dream sheep
  2 deep troll skeletons
  A satyr skeleton (Crypt:2)
  A black mamba zombie (Crypt:1)
  3 centaur simulacra
  21 culicivoras
  67 slime creatures
  Sigmund (D:6)
  2 air elementals
  3 shadows
  27 jumping spiders
  5 water elementals
  2 ettin skeletons
  18 wraiths
  5 wyverns
  A vampire (D:14)
  23 ynoxinuls
  5 hogs (Swamp:3)
  An ushabti (Crypt:3)
  4 basilisks
  A hog (shapeshifter) (Depths:3)
  48 yaks
  2 fire elementals (Elf:1)
  9 humans (D:14)
  6 golden eyes
  4 neqoxecs (Pan)
  60 redbacks
  14 chaos spawn
  5 vampire mosquitoes
  2 wargs
  A harpy simulacrum (Crypt:1)
  18 swamp worms
  An acid dragon (D:11)
  A naga (Abyss:2)
  22 water moccasins
  A water moccasin (shapeshifter) (Abyss:2)
  10 hell hounds
  A water nymph skeleton (Crypt:1)
  A sky beast (shapeshifter) (Vaults:5)
  28 orc warriors
  A glowing shapeshifter skeleton (Vaults:2)
  10 swamp drakes
  2 ice beasts
  A meliai simulacrum (D:14)
  3 black bears
  27 large abominations
  A human zombie (Vaults:3)
  A sky beast (D:6)
  13 ogres
  3 wolves (D:9)
  9 centaurs
  A phantom (D:9)
  3 kobold brigands
  Blork the orc (D:5)
  12 bullfrogs
  A glowing shapeshifter simulacrum (Vaults:4)
  A gnoll sergeant (D:8)
  3 scorpions
  2 cane toad simulacra (IceCv)
  A demonspawn simulacrum (Crypt:1)
  9 wyvern skeletons (Crypt:3)
  A two-headed ogre simulacrum (IceCv)
  5 earth elementals
  12 wights
  9 small abominations
  24 killer bees
  An elephant simulacrum (IceCv)
  2 troll zombies (D:9)
  A howler monkey (shapeshifter) (Depths:1)
  2 howler monkeys
  2 electric eels
  A raiju skeleton (Crypt:1)
  8 crimson imps (Pan)
  3 quasits
  A hound (D:7)
  16 orc priests
  A hound (shapeshifter) (Vaults:5)
  An iron imp (Abyss:2)
  11 jellies
  2 gnoll boudas
  Terence (D:2)
  5 iguanas
  17 orc wizards
  4 hell rats (Lair:1)
  A lightning spire (Gauntlet)
  4 spriggan simulacra (IceCv)
  A tengu simulacrum (Depths:1)
  A boggart skeleton (Crypt:2)
  4 troll simulacra (IceCv)
  6 ogre zombies (D:9)
  2 mummies
  2 adders
  22 gnolls
  4 naga simulacra
  2 shadow imps (D:7)
  9 white imps
  An ufetubus (D:7)
  A worm (D:4)
  3 dart slugs
  An orc (shapeshifter) (Vaults:5)
  65 orcs
  12 endoplasms
  3 giant cockroaches
  7 goblins
  5 hobgoblins
  23 kobolds
  2 quokkas
  6 ball pythons
  8 bats
  2 frilled lizards (D:1)
  A frilled lizard skeleton (Crypt:2)
  7 gnoll skeletons (Ossuary)
  A goblin zombie (D:9)
  2 hobgoblin skeletons (D:9)
  4 hobgoblin zombies (D:9)
  7 kobold skeletons (Ossuary)
  14 orc skeletons
  15 orc zombies (D:9)
  A quokka skeleton (Crypt:2)
  2 rats
  2 fire vortices (Pan)
  A starspawn tentacle (Abyss:2)
2950 creatures vanquished.

Vanquished Creatures (collateral kills)
  2 orbs of fire (Zot:5)
  Boris (Depths:4)
  Bai Suzhen (Vaults:2)
  An acid blob (Slime:5)
  A rockslime (Slime:5)
  A deep elf sorcerer (Elf:3)
  2 balrugs (Pan)
  A deep elf elementalist (Elf:3)
  A reaper (Depths:1)
  A broodmother (Spider:3)
  A caustic shrike skeleton (Crypt:3)
  A very ugly thing (Depths:4)
  A draconian annihilator (Pan)
  A quicksilver ooze (Slime:5)
  An eleionoma (Swamp:2)
  A deep elf annihilator (Elf:3)
  A deep elf death mage (Elf:1)
  A yellow draconian (Zot:2)
  2 ettins
  A shambling mangrove (Swamp:4)
  A deep elf high priest (Elf:3)
  2 hydras (Swamp:4)
  A vault guard (Vaults:1)
  3 dancing weapons (Elf:2)
  A radroach (Spider:2)
  A sun demon (Pan)
  A soul eater (Depths:2)
  A deep elf knight (Elf:1)
  An iron troll (Depths:3)
  A sun moth (Spider:1)
  An orb spider (Spider:1)
  A deep elf archer (Elf:1)
  A steelbarb worm (Spider:3)
  A deep elf zephyrmancer (Elf:2)
  2 wolf spiders
  2 ugly things (Vaults:2)
  A vault sentinel (Vaults:2)
  3 smoke demons (Pan)
  A hellion (Depths:2)
  A hellwing (Pan)
  A troll (D:8)
  5 tarantellas
  A jumping spider (Spider:1)
  3 culicivoras
  A wyvern (D:9)
  A basilisk (D:9)
  A chaos spawn (Gauntlet)
  A neqoxec (Gauntlet)
  3 redbacks
  A hell hound (Zot:1)
  An ogre (Orc:1)
  An orc priest (D:9)
  2 orcs
  2 ball lightnings (Pan)
74 creatures vanquished.

Vanquished Creatures (others)
  A fire giant (Depths:3)
  A demonspawn warmonger (Pan)
  A balrug (Pan)
  A ghost moth (Zot:4)
  A stone giant (Depths:4)
  A demonspawn black sun (Pan)
  An orc high priest (Orc:2)
  A soul eater (Pan)
  2 deep elf knights
  A wizard (Pan)
  A deep elf zephyrmancer (Elf:1)
  A deep elf pyromancer (Elf:1)
  A smoke demon (Pan)
  A rime drake (Swamp:4)
  3 wind drakes (Pan)
  3 humans
  2 chaos spawn (Pan)
  19 ball lightnings (Pan)
  6 foxfires
  2 starspawn tentacles (Abyss:2)
50 creatures vanquished.

Grand Total: 3074 creatures vanquished

Notes
Turn   | Place    | Note
-------+----------+-------------------------------------------
     0 | D:1      | Ofeo the Demonspawn Shapeshifter began the quest for the
                  | Orb.
     0 | D:1      | Reached XP level 1. HP: 15/15 MP: 1/1
    94 | D:1      | Gained mutation: A weak demonic guardian rushes to your
                  | aid. [demonic ancestry]
    94 | D:1      | Reached XP level 2. HP: 17/21 MP: 2/2
   617 | D:1      | Gained mutation: You regenerate a little health from kills.
                  | [demonic ancestry]
   617 | D:1      | Reached XP level 3. HP: 27/27 MP: 3/3
   927 | D:2      | Identified the +1 ring mail of Cetosar {Slay+2}
  1017 | D:2      | Noticed Terence
  1032 | D:2      | Killed Terence
  1033 | D:2      | Reached skill level 2 in Fighting
  1107 | D:2      | Gained mutation: You have a pair of small antennae on your
                  | head. [demonic ancestry]
  1107 | D:2      | Reached XP level 4. HP: 33/33 MP: 4/4
  1209 | D:2      | Found a blossoming altar of Fedhas.
  1362 | D:2      | Gained mutation: You are partially covered in large bone
                  | plates. (SH +4) [demonic ancestry]
  1362 | D:2      | Reached XP level 5. HP: 39/39 MP: 5/5
  1976 | D:3      | Identified the +0 plate armour of the Furies {rElec rPois
                  | Dex+3}
  2198 | D:3      | Reached skill level 3 in Fighting
  2418 | D:3      | Identified the +1 pair of gloves "Woduashre" {Will+}
  2919 | D:4      | Reached XP level 6. HP: 47/47 MP: 6/6
  3071 | D:4      | Noticed Pikel
  3137 | D:4      | Killed Pikel
  3138 | D:4      | Reached skill level 4 in Fighting
  3138 | D:4      | Reached XP level 7. HP: 18/55 MP: 7/7
  3714 | D:4      | You fall into a shaft and drop 2 floors!
  3745 | D:6      | Reached skill level 5 in Fighting
  3791 | D:6      | Identified the +8 orcbow of Savy {speed, Int+4}
  3798 | D:6      | Reached skill level 1 in Ranged Weapons
  3839 | D:6      | Reached skill level 5 in Dodging
  3839 | D:6      | Gained mutation: You have a pair of antennae on your head.
                  | [demonic ancestry]
  3839 | D:6      | Reached XP level 8. HP: 62/62 MP: 8/8
  4279 | D:6      | Noticed Sigmund
  4292 | D:5      | Entered Level 5 of the Dungeon
  4399 | D:5      | Reached skill level 6 in Fighting
  4429 | D:5      | Found Vuothrouno's Lightly-Used Armoury.
  4579 | D:5      | Noticed Blork the orc
  4583 | D:5      | Killed Blork the orc
  4655 | D:5      | Found a sand-covered staircase.
  4660 | Ossuary  | Entered an ossuary
  4734 | Ossuary  | Reached skill level 5 in Ranged Weapons
  4734 | Ossuary  | Gained mutation: A demonic guardian rushes to your aid.
                  | [demonic ancestry]
  4734 | Ossuary  | Reached XP level 9. HP: 71/71 MP: 9/9
  6012 | D:7      | Reached skill level 7 in Fighting
  7058 | D:8      | Noticed a troll
  7064 | D:8      | Killed a troll
  7407 | D:9      | Reached XP level 10. HP: 68/80 MP: 10/10
  7659 | D:9      | Reached skill level 8 in Fighting
  7954 | D:9      | Found a staircase to the Lair.
  8128 | D:9      | Found a staircase to the Orcish Mines.
  8668 | D:6      | Killed Sigmund
  8754 | D:6      | Found a staircase to the Ecumenical Temple.
  8778 | Temple   | Entered the Ecumenical Temple
  8791 | Temple   | Became a worshipper of Dithmenos the Shadowed
  8993 | D:9      | Found a bloodstained altar of Trog.
  9004 | D:9      | Noticed a two-headed ogre
  9009 | D:9      | Killed a two-headed ogre
  9040 | D:9      | Reached skill level 9 in Fighting
  9047 | D:9      | Gained mutation: A powerful demonic guardian rushes to your
                  | aid. [demonic ancestry]
  9047 | D:9      | Reached XP level 11. HP: 89/89 MP: 11/11
  9187 | D:10     | Entered Level 10 of the Dungeon
  9476 | D:10     | Identified a scroll of acquirement
  9476 | D:10     | Acquired a manual of Fighting
  9553 | D:10     | Noticed an ogre mage
  9554 | D:10     | Noticed a two-headed ogre
  9557 | D:10     | Killed an ogre mage
  9557 | D:10     | Noticed a two-headed ogre
  9559 | D:10     | Noticed a two-headed ogre
  9856 | D:10     | Killed a two-headed ogre
  9857 | D:10     | Reached skill level 10 in Ranged Weapons
  9888 | D:10     | Killed a two-headed ogre
  9989 | D:10     | Killed a two-headed ogre
  9990 | D:10     | Reached skill level 10 in Fighting
 10191 | D:10     | Noticed Harold
 10199 | D:10     | Killed Harold
 10359 | D:10     | Found a stormy altar of Qazlal.
 10606 | D:10     | Noticed Joseph
 10613 | D:10     | Killed Joseph
 10749 | D:10     | Found an opulent altar of Gozag.
 10858 | D:10     | Noticed a two-headed ogre
 10862 | D:10     | Killed a two-headed ogre
 10862 | D:10     | Noticed Maurice
 10863 | D:10     | Reached skill level 1 in Invocations
 10863 | D:10     | Reached skill level 1 in Evocations
 10867 | D:10     | Killed Maurice
 11011 | D:11     | Reached * piety under Dithmenos
 11035 | D:11     | Noticed a boulder beetle
 11049 | D:11     | Noticed a two-headed ogre
 11060 | D:11     | Killed a two-headed ogre
 11088 | D:11     | Killed a boulder beetle
 11089 | D:11     | Reached skill level 11 in Fighting
 11393 | D:11     | Gained mutation: You have a pair of large antennae on your
                  | head. (SInv) [demonic ancestry]
 11393 | D:11     | Reached XP level 12. HP: 100/100 MP: 14/14
 11553 | D:11     | Noticed a boulder beetle
 11567 | D:11     | Killed a boulder beetle
 11685 | D:11     | Identified the +0 ring mail of the Circus Animal {Str+3}
 13017 | Lair:1   | Entered Level 1 of the Lair of Beasts
 13910 | Lair:1   | You are sucked into a shaft and drop 1 floor!
 14511 | Lair:2   | Reached ** piety under Dithmenos
 14516 | Lair:2   | Reached skill level 5 in Invocations
 14674 | Lair:2   | Noticed a five-headed hydra
 14693 | Lair:2   | Killed a five-headed hydra
 14699 | Lair:2   | Reached skill level 12 in Fighting
 14954 | Lair:2   | Reached skill level 10 in Dodging
 15096 | Lair:2   | Noticed a seven-headed hydra
 15096 | Lair:2   | Noticed a five-headed hydra
 15231 | Lair:2   | Killed a seven-headed hydra
 15241 | Lair:2   | Killed a five-headed hydra
 15281 | Lair:2   | Found a staircase to the Swamp.
 15729 | Lair:3   | Acquired 862 gold pieces
 15852 | Lair:3   | Noticed Rupert
 15871 | Lair:3   | Killed Rupert
 15874 | Lair:3   | Gained mutation: Your presence sometimes corrodes those you
                  | injure. [demonic ancestry]
 15874 | Lair:3   | Reached XP level 13. HP: 109/109 MP: 17/17
 15897 | Lair:3   | Identified the +1 leather armour "Okeven" {Drain rN+ Str+8
                  | Dex+3}
 15960 | Lair:3   | Reached skill level 5 in Evocations
 15962 | Lair:3   | Reached *** piety under Dithmenos
 16120 | Lair:3   | Found a hole to the Spider Nest.
 16295 | Lair:4   | Noticed Snorg
 16603 | Lair:3   | Killed Snorg
 17525 | Lair:4   | Reached skill level 13 in Fighting
 18489 | Lair:5   | Entered Level 5 of the Lair of Beasts
 18489 | Lair:5   | Found a staircase to the Slime Pits.
 18489 | Lair:5   | Found a viscous altar of Jiyva.
 18840 | Lair:5   | Reached **** piety under Dithmenos
 19437 | Lair:5   | Reached skill level 14 in Fighting
 19454 | Lair:5   | Reached XP level 14. HP: 110/120 MP: 20/20
 19585 | Lair:5   | Identified the +6 trident of Dymojogg {protect, rF+ Will+
                  | Int+3 Dex-5}
 19597 | Lair:5   | Identified the +4 sling "Killer Bee's Death" {speed, Str-4
                  | Int+2 Dex+3}
 19984 | Lair:5   | Reached ***** piety under Dithmenos
 20362 | Lair:5   | Acquired the +2 pair of boots of Vanity {Stlth+}
 20609 | Orc:1    | Entered Level 1 of the Orcish Mines
 20678 | Orc:1    | HP: 5/121 [orc knight/+1 heavy bardiche (26)]
 20994 | Orc:2    | Entered Level 2 of the Orcish Mines
 21667 | Orc:2    | Found a staircase to the Elven Halls.
 21717 | Orc:2    | Reached skill level 1 in Armour
 22616 | Orc:2    | Found a bloodstained altar of Trog.
 22619 | Orc:2    | Noticed Nessos
 22632 | Orc:2    | Killed Nessos
 22697 | Orc:2    | Found Uffiw's Antique Weapon Shop.
 22697 | Orc:2    | Found Hulute Vuz's Armour Shop.
 22698 | Orc:2    | Found Kyril's Distillery.
 22698 | Orc:2    | Found Woanasec's Jewellery Emporium.
 22721 | Orc:2    | Bought a potion of resistance for 160 gold pieces
 22721 | Orc:2    | Bought a potion of heal wounds for 80 gold pieces
 22721 | Orc:2    | Bought a potion of heal wounds for 80 gold pieces
 22721 | Orc:2    | Bought a potion of might for 64 gold pieces
 23055 | Orc:2    | Bought a +2 cloak of stealth for 301 gold pieces
 23071 | Orc:2    | Bought the ring "Musaeh" {rC+ rCorr Int+3} for 604 gold
                  | pieces
 23295 | D:12     | Found a frozen archway.
 23314 | IceCv    | Entered an ice cave
 23352 | IceCv    | Reached skill level 10 in Invocations
 23369 | IceCv    | Reached skill level 1 in Stealth
 23388 | IceCv    | Reached skill level 15 in Fighting
 23396 | IceCv    | Reached ****** piety under Dithmenos
 23424 | IceCv    | Noticed a reaper
 23437 | IceCv    | Killed a reaper
 23541 | D:12     | Found a gate leading to a gauntlet.
 23547 | Gauntlet | Entered a Gauntlet
 23547 | Gauntlet | Found a transporter.
 23547 | Gauntlet | Found a transporter.
 23547 | Gauntlet | Found a transporter.
 23598 | Gauntlet | Found a transporter.
 23609 | Gauntlet | Found a transporter.
 23613 | Gauntlet | Found a transporter.
 23615 | Gauntlet | Found a large runed translucent door.
 23616 | Gauntlet | Found a large runed translucent door.
 23617 | Gauntlet | Found a large runed translucent door.
 23617 | Gauntlet | Found a large runed translucent door.
 23617 | Gauntlet | Found a runed translucent door.
 23618 | Gauntlet | Found a large runed translucent door.
 23619 | Gauntlet | Found a large runed translucent door.
 23620 | Gauntlet | Found a large runed translucent door.
 23620 | Gauntlet | Found a large runed translucent door.
 23621 | Gauntlet | Found a runed translucent gate.
 23625 | Gauntlet | Found a transporter.
 23626 | Gauntlet | Found a runed translucent gate.
 23626 | Gauntlet | Found a transporter.
 23626 | Gauntlet | Found a transporter.
 23627 | Gauntlet | Found a runed translucent gate.
 23627 | Gauntlet | Found a runed translucent door.
 23710 | Gauntlet | Found a transporter.
 23714 | Gauntlet | Found a transporter.
 23729 | Gauntlet | Found a transporter.
 23730 | Gauntlet | Found a large runed translucent door.
 23731 | Gauntlet | Found a large runed translucent door.
 23732 | Gauntlet | Found a large runed translucent door.
 23732 | Gauntlet | Found a large runed translucent door.
 23733 | Gauntlet | Found a large runed translucent door.
 23734 | Gauntlet | Found a large runed translucent door.
 23735 | Gauntlet | Found a large runed translucent door.
 23735 | Gauntlet | Found a large runed translucent door.
 23906 | Gauntlet | Identified the ring of Qoeboluo {Int+2 Slay+4}
 23991 | Gauntlet | Identified the ring of Zaxohud {Int+3 Slay+2 SInv}
 23995 | Gauntlet | Identified the +0 plate armour of the Platytaur {Harm rPois
                  | Regen+ Dex+2}
 24092 | Gauntlet | Identified the staff of Bodily Harmony {rCorr Str+2 Conj}
 25297 | D:13     | Gained mutation: Your presence sometimes corrodes or
                  | deforms those you injure. [demonic ancestry]
 25297 | D:13     | Reached XP level 15. HP: 129/129 MP: 22/22
 25926 | D:14     | Reached skill level 15 in Ranged Weapons
 26909 | D:14     | Found a gate to the Vaults.
 26922 | D:14     | Identified the +1 plate armour of True Grit {rElec rN+
                  | Stlth+}
 27223 | D:15     | Entered Level 15 of the Dungeon
 27766 | D:15     | Found a staircase to the Depths.
 27895 | D:15     | Reached skill level 16 in Fighting
 28017 | D:15     | Acquired 1133 gold pieces
 28229 | Spider:1 | Entered Level 1 of the Spider Nest
 28907 | Spider:1 | Reached skill level 5 in Armour
 29348 | Spider:1 | Reached skill level 5 in Stealth
 29761 | Spider:1 | Reached XP level 16. HP: 115/139 MP: 24/24
 30597 | Spider:2 | Found a transporter.
 30600 | Spider:2 | Noticed Pesouf's ghost (adept MfHs)
 30649 | Spider:2 | Found a transporter.
 31107 | Spider:3 | Found a transporter.
 31107 | Spider:3 | Found a transporter.
 31200 | Spider:3 | Noticed Yvvueqof's ghost (journeyman FeEn)
 31205 | Spider:3 | Noticed Dojos's ghost (adept NaFi)
 32329 | Spider:2 | Found a transporter.
 32538 | Spider:2 | Found a transporter.
 33290 | Spider:2 | Reached skill level 17 in Fighting
 34855 | Spider:4 | Entered Level 4 of the Spider Nest
 35337 | Spider:3 | Found a transporter.
 35338 | Spider:3 | Found a transporter.
 36449 | Spider:4 | Reached XP level 17. HP: 132/147 MP: 27/27
 37864 | Spider:4 | Found a transporter.
 37867 | Spider:4 | Noticed Rubb's ghost (adept SpEE)
 37868 | Spider:4 | Found a transporter.
 38472 | Spider:4 | Identified the +0 chain mail of Qazlal's Hope {Str+6 Int-4
                  | SInv}
 38523 | Spider:4 | Got a gossamer rune of Zot
 38773 | Swamp:1  | Entered Level 1 of the Swamp
 39577 | Swamp:2  | Identified the ring "Haybif" {rF++ EV+5 Dex-3}
 40007 | Swamp:2  | Identified the +1 leather armour of the Shore {Contam
                  | Regen+ rCorr MP+9}
 40155 | Swamp:2  | Reached skill level 18 in Fighting
 40322 | Swamp:3  | Noticed Kirke
 40331 | Swamp:3  | Killed Kirke
 41314 | Swamp:4  | Entered Level 4 of the Swamp
 41545 | Swamp:4  | Gained mutation: You are mostly covered in large bone
                  | plates. (SH +6) [demonic ancestry]
 41545 | Swamp:4  | Reached XP level 18. HP: 128/157 MP: 28/28
 41900 | Swamp:4  | Reached skill level 10 in Stealth
 41943 | Swamp:4  | Got a decaying rune of Zot
 42540 | Vaults:1 | Entered Level 1 of the Vaults
 43130 | D:14     | Found a gate to the Vaults.
 43263 | D:14     | Reached skill level 10 in Armour
 44308 | Vaults:1 | Reached skill level 15 in Dodging
 44539 | Vaults:1 | Found Tiruisank's Weapon Boutique.
 44988 | Vaults:1 | Reached skill level 19 in Fighting
 45382 | Vaults:1 | Found Unaof's Armour Emporium.
 45988 | Vaults:1 | Identified the ring "Caplixekyl" {rCorr Int+3}
 46060 | Vaults:2 | Noticed Bai Suzhen
 46082 | Vaults:2 | HP: 6/160 [Bai Suzhen (13)]
 46083 | Vaults:2 | Killed Bai Suzhen
 46367 | Vaults:2 | Reached XP level 19. HP: 167/167 MP: 29/29
 46962 | Vaults:2 | Noticed Margery
 47598 | Vaults:2 | Killed Margery
 47962 | Vaults:2 | Reached skill level 20 in Fighting
 48439 | Vaults:2 | Found a staircase to the Crypt.
 48620 | Vaults:2 | Found Boluf's Weapon Shoppe.
 48930 | Vaults:2 | Noticed Mennas
 49597 | Vaults:3 | Gained mutation: You regenerate health from kills. [demonic
                  | ancestry]
 49597 | Vaults:3 | Reached XP level 20. HP: 178/178 MP: 30/30
 49931 | Vaults:3 | Found a magical portal.
 49936 | WizLab   | Entered Eringya's Formal Garden
 50050 | WizLab   | Reached skill level 21 in Fighting
 50545 | WizLab   | Found a blossoming altar of Fedhas.
 50965 | Vaults:3 | Identified the +3 ring mail "Gukecu" {+Inv rN+}
 51827 | Vaults:4 | Found Nioppase's Antique Weapon Boutique.
 51834 | Vaults:4 | Found Adghuhezu's Jewellery Boutique.
 51844 | Vaults:4 | Bought the ring "Ceuda" {rC+ Slay+3} for 758 gold pieces
 51848 | Vaults:4 | Found Jexaiwon's Assorted Antiques.
 51854 | Vaults:4 | Found Wuinir's Antique Weapon Shoppe.
 51858 | Vaults:4 | Bought a scroll of teleportation for 102 gold pieces
 51858 | Vaults:4 | Bought a glowing cloak for 255 gold pieces
 52721 | Vaults:4 | Found a transporter.
 52735 | Vaults:4 | Found a transporter.
 53068 | Vaults:4 | Reached skill level 22 in Fighting
 53386 | Vaults:4 | Found Quzotil's Antique Weapon Emporium.
 53938 | Spider:2 | Identified the ring "Gagageor" {rF+ Will- Str+5 Int+3}
 54465 | Elf:1    | Entered Level 1 of the Elven Halls
 54465 | Elf:1    | Found a runed translucent gate.
 54465 | Elf:1    | Found a runed translucent gate.
 54465 | Elf:1    | Found a runed translucent gate.
 54465 | Elf:1    | Found a runed translucent gate.
 54465 | Elf:1    | Found a runed translucent gate.
 54465 | Elf:1    | Found a runed translucent gate.
 54466 | Elf:1    | Found a runed translucent door.
 54478 | Elf:1    | Found a runed translucent door.
 54571 | Elf:1    | Identified the +11 battleaxe of the Bedazzled God {speed,
                  | rF- rC+++}
 54637 | Elf:1    | Found Rout's Magic Scroll Shop.
 54677 | Elf:1    | Bought a scroll of teleportation for 39 gold pieces
 54677 | Elf:1    | Bought a scroll of enchant armour for 97 gold pieces
 54677 | Elf:1    | Bought a scroll of enchant armour for 97 gold pieces
 54677 | Elf:1    | Bought a scroll of poison for 52 gold pieces
 54677 | Elf:1    | Bought a scroll of enchant armour for 97 gold pieces
 54677 | Elf:1    | Bought a scroll of revelation for 97 gold pieces
 55002 | D:5      | Bought -2 pearl dragon scales for 1350 gold pieces
 55384 | Elf:1    | Reached XP level 21. HP: 187/189 MP: 31/31
 55422 | Elf:1    | Got the Precepts of Evil
 55434 | Elf:1    | Noticed Louise
 55443 | Elf:1    | Killed Louise
 56218 | Elf:2    | Noticed Roxanne
 56228 | Elf:2    | Killed Roxanne
 56440 | Elf:2    | Noticed Asterion
 56447 | Elf:2    | Killed Asterion
 56494 | Elf:2    | Paralysed by an air elemental for 1 turns
 56672 | Elf:2    | Found a runed translucent gate.
 56673 | Elf:2    | Found a runed translucent gate.
 56673 | Elf:2    | Found a runed translucent gate.
 57228 | Elf:3    | Entered Level 3 of the Elven Halls
 57276 | Elf:2    | Noticed Aizul
 57285 | Elf:2    | Killed Aizul
 57418 | Elf:3    | Identified the ring "Musoizug" {rPois Will- rCorr Int+3
                  | Stlth+}
 57848 | Abyss:2  | Cast into level 2 of the Abyss (a deep elf sorcerer)
 58225 | Elf:3    | Escaped the Abyss
 58412 | Elf:3    | Identified the +5 war axe of the Dancing Coward {flame,
                  | rElec}
 58416 | Elf:3    | Reached XP level 22. HP: 126/196 MP: 32/32
 58428 | Elf:3    | Paralysed by an air elemental for 1 turns
 58430 | Elf:3    | Paralysed by an air elemental for 1 turns
 58434 | Elf:3    | Paralysed by an air elemental for 1 turns
 58438 | Elf:3    | Identified the +11 spear of the Endless March {venom, *Slow
                  | +Blink rPois Str+4}
 58444 | Elf:3    | Paralysed by an air elemental for 1 turns
 58498 | Elf:3    | Identified the +9 trident of Vukiober {heavy, rF+ Str+2
                  | SInv Stlth+}
 58498 | Elf:3    | Identified the ring "Xiapnaih" {Fly Will- Int+8 SInv}
 58561 | Elf:3    | Identified the +6 scale mail "Ocyum" {Will+}
 58618 | Elf:3    | Identified the ring of Quafaj {rElec Dex+6}
 58628 | Elf:3    | Identified the amulet of the Jester {Faith Will+ Stlth+}
 58667 | Elf:3    | Found the +9 scales of the Dragon King {rPois rF+ rC+
                  | Will+}
 59254 | Depths:1 | Entered Level 1 of the Depths
 59254 | Depths:1 | Found a gateway to Hell.
 59409 | Depths:1 | Found an ornate altar of the Wu Jian Council.
 59817 | Depths:1 | Found a one-way gate leading to the halls of Pandemonium.
 59853 | Depths:1 | Identified the +1 shadow dragon scales of Recklessness
                  | {Harm rC+ rCorr MP-9 Stlth++++}
 59853 | Depths:1 | Identified the +4 longbow "Irroxeel" {drain, Contam rPois
                  | rCorr Str+3}
 61187 | Depths:2 | Identified the +2 robe of Anaesthesia {rPois rC+ Will-
                  | Int+6}
 61315 | Depths:2 | Found a one-way gateway to a ziggurat.
 61742 | Depths:2 | Found an ornate altar of the Wu Jian Council.
 61845 | Depths:2 | Found a portal to a secret trove of treasure.
 62442 | Depths:2 | Noticed a golden dragon
 62442 | Depths:2 | Noticed a juggernaut
 62442 | Depths:2 | Noticed a caustic shrike
 62452 | Depths:1 | Killed a juggernaut
 62901 | Depths:3 | Acquired the amulet "Laydwal" {Faith +Blink rF+ rN+++
                  | Int-3}
 63018 | Depths:3 | Found a one-way gate to the infinite horrors of the Abyss.
 63065 | Depths:3 | Noticed Norris
 63082 | Depths:3 | Killed Norris
 63162 | Depths:3 | Reached skill level 15 in Armour
 63343 | Depths:3 | Noticed a golden dragon
 63348 | Depths:3 | Killed a golden dragon
 63349 | Depths:3 | Reached XP level 23. HP: 188/203 MP: 33/33
 63369 | Depths:3 | Got the Precepts of Spatial Injury
 63371 | Depths:3 | Identified the +2 scimitar "Siemn" {holy, Dex+4}
 63410 | Depths:3 | Noticed a juggernaut
 63421 | Depths:3 | Killed a juggernaut
 63600 | Depths:3 | Identified the ring of Gefiv {rElec rN+ Str+6 Int+3 Dex-5}
 63617 | Depths:3 | Noticed a juggernaut
 63627 | Depths:3 | Killed a juggernaut
 63715 | Depths:3 | Identified the +6 short sword "Inim" {pain, Int+5}
 63779 | Depths:3 | Got Sif Muna's Incunable of the Hyperborean Boulder
 64044 | Depths:3 | Noticed Sojobo
 64086 | Depths:3 | Killed Sojobo
 64430 | Depths:3 | Found a blossoming altar of Fedhas.
 64486 | Depths:4 | Entered Level 4 of the Depths
 65389 | Depths:4 | Noticed Boris
 65408 | Depths:4 | Killed Boris
 65471 | Depths:4 | Found a gate to the Realm of Zot.
 65759 | Depths:4 | Found a hide-covered altar of Uskayaw.
 66637 | Vaults:5 | Entered Level 5 of the Vaults
 66726 | Vaults:5 | Gained mutation: You are completely covered in large bone
                  | plates. (SH +8) [demonic ancestry]
 66726 | Vaults:5 | Reached XP level 24. HP: 189/211 MP: 33/33
 66933 | Vaults:5 | Noticed Xtahua
 66941 | Vaults:5 | Killed Xtahua
 67012 | Vaults:5 | Got the Annotations on Vexatious Calling
 67017 | Vaults:5 | Identified the +6 arbalest of Maskex {drain, Drain rElec
                  | rPois Str+2}
 67042 | Vaults:5 | Identified the +8 flail of Axkafu Qiew {freeze, Str+2 Int+5
                  | SInv Stlth-}
 67263 | Vaults:5 | Identified the amulet of the Jester {Spirit Harm Rampage
                  | rC+ Stlth+}
 67662 | Vaults:5 | Identified the +0 robe "Sisosoez" {Regen+}
 67928 | Vaults:5 | Got a silver rune of Zot
 68379 | Vaults:5 | Found Qupitini's General Store.
 68394 | Vaults:5 | Bought a potion of heal wounds for 100 gold pieces
 68394 | Vaults:5 | Bought a potion of curing for 60 gold pieces
 68399 | Vaults:5 | Acquired 698 gold pieces
 68828 | Vaults:5 | Identified the ring of Qunt {Will+ MP+9}
 69114 | Crypt:1  | Entered Level 1 of the Crypt
 69145 | Crypt:1  | Noticed Vv
 69159 | Crypt:1  | Killed Vv
 69550 | Crypt:1  | Identified the ring "Qebeept" {Ice Dex+3}
 69550 | Crypt:1  | Noticed Josephina
 69557 | Crypt:1  | Killed Josephina
 70776 | Crypt:2  | Reached XP level 25. HP: 217/217 MP: 33/34
 71079 | Crypt:3  | Entered Level 3 of the Crypt
 71141 | Crypt:3  | Identified the +1 scale mail of the Stonemason {Rampage
                  | rPois MP+9 Int-4}
 71258 | Crypt:3  | Found an ancient bone altar of Kikubaaqudgha.
 71328 | Crypt:3  | Reached skill level 15 in Invocations
 72055 | Crypt:3  | Found the +12 pair of quick blades "Gyre" and "Gimble"
                  | {protect}
 72058 | Crypt:3  | Noticed an ancient lich
 72068 | Crypt:3  | Killed an ancient lich
 72089 | Crypt:3  | Identified the +3 rapier of Rostroewn {venom, Str+3}
 72861 | Crypt:3  | Identified the +6 great mace of the Coin {antimagic,
                  | Fragile rElec Str-3 Int+5}
 73092 | Crypt:3  | Found a staircase to the Tomb.
 73600 | Slime:1  | Entered Level 1 of the Pits of Slime
 73713 | Slime:4  | Gained mutation: Your body sometimes deteriorates upon
                  | taking damage. [a shining eye]
 73714 | Slime:4  | Gained mutation: You occasionally lose the ability to read
                  | scrolls when taking damage. [a shining eye]
 73716 | Slime:3  | Paralysed by a formless jellyfish for 1 turns
 73758 | Slime:4  | Gained mutation: You have large cloven feet. [a shining
                  | eye]
 73780 | Slime:5  | Entered Level 5 of the Pits of Slime
 73850 | Slime:5  | Reached skill level 10 in Evocations
 74064 | Slime:5  | Noticed Donald
 74072 | Slime:5  | Killed Donald
 74080 | Slime:5  | Gained mutation: You are frail. (-10% HP) [a shining eye]
 74083 | Slime:5  | Lost mutation: Your body sometimes deteriorates upon taking
                  | damage. [potion of mutation]
 74083 | Slime:5  | Lost mutation: You occasionally lose the ability to read
                  | scrolls when taking damage. [potion of mutation]
 74083 | Slime:5  | Lost mutation: You have large cloven feet. [potion of
                  | mutation]
 74083 | Slime:5  | Gained mutation: You passively map a small area around you.
                  | [potion of mutation]
 74083 | Slime:5  | Gained mutation: You are weak. (Str -2) [potion of
                  | mutation]
 74083 | Slime:5  | Lost mutation: You are frail. (-10% HP) [potion of
                  | mutation]
 74293 | Slime:5  | Noticed the Royal Jelly
 75451 | Slime:5  | Killed the Royal Jelly
 75556 | Slime:5  | Found the +3 pair of seven-league boots {Rampage+∞}
 75556 | Slime:5  | Found the +7 great mace "Firestarter" {flame, immolate,
                  | rFlCloud rF++}
 75559 | Slime:5  | Found the +2 shield of Resistance {rF++ rC++ Will++}
 75571 | Slime:5  | Got Wiyv Rec's Book of Toxins
 75573 | Slime:5  | Got a slimy rune of Zot
 75614 | Slime:5  | Identified the +2 robe of Whack-A-Mole {Contam Str+2 Int+2}
 75616 | Slime:5  | Identified the +1 falchion "Gian" {drain, Drain rElec rC+
                  | Dex+6}
 75643 | Slime:5  | Identified the orb of the Enchanting Ships {*Rage, Str+3}
 75668 | Slime:5  | Identified the +3 shortbow of the Lusting Gods {drain,
                  | Int+2}
 75704 | Slime:5  | Identified the +1 dagger of the Abyss {heavy, Contam rC+
                  | Int+9 Stlth-}
 76358 | Depths:2 | You paid a toll of 15 potions of curing to enter a treasure
                  | trove
 76359 | Trove    | Entered a treasure trove
 76375 | Trove    | Identified the ring of Efu Xix {EV+5 Str+6 Stlth-}
 76377 | Trove    | Identified the ring of Wetutij {Str+6 Int+6 Dex-2 SInv}
 76380 | Trove    | Identified the ring of Asi Xyeff {rF+ rN+}
 76389 | Trove    | Identified the ring "Xiesoti" {rPois Dex+6}
 76395 | Trove    | Identified the ring "Arieruoq" {+Blink EV+5 Int-4 Dex-3
                  | Slay+5}
 76401 | Trove    | Identified the ring of Reimbursement {rElec rPois rC+ Will-
                  | Dex+4}
 76405 | Trove    | Identified the ring of Elaumyla {rPois rF- EV+5 Str+2
                  | Dex+5}
 76568 | Zot:1    | Entered Level 1 of the Realm of Zot
 77003 | Zot:1    | Gained mutation: You regenerate a lot of health from kills.
                  | [demonic ancestry]
 77003 | Zot:1    | Reached XP level 26. HP: 201/225 MP: 35/35
 77482 | Zot:1    | Noticed Grunn
 77499 | Zot:1    | Killed Grunn
 77823 | Zot:1    | You fall into a shaft and drop 1 floor!
 79828 | Zot:3    | Found a large runed translucent door.
 79828 | Zot:3    | Found a large runed translucent door.
 79829 | Zot:3    | Noticed Vyqe's ghost (master MfIE)
 82110 | Zot:5    | Entered Level 5 of the Realm of Zot
 83030 | Zot:5    | Noticed an ancient lich
 83106 | Zot:5    | Gained mutation: You are frail. (-10% HP) [mutagenic glow]
 83429 | Zot:5    | Noticed a dread lich
 83439 | Zot:5    | Killed a dread lich
 83487 | Zot:5    | Gained mutation: You can speak a Word of Chaos. [demonic
                  | ancestry]
 83487 | Zot:5    | Reached XP level 27. HP: 207/207 MP: 36/36
 83525 | Zot:5    | Noticed an orb of fire
 83532 | Zot:5    | Noticed an orb of fire
 83542 | Zot:5    | Noticed an orb of fire
 83549 | Zot:5    | Killed an orb of fire
 83550 | Zot:5    | Reached skill level 15 in Stealth
 83672 | Zot:5    | Gained mutation: You are clumsy. (Dex -2) [an orb of fire]
 83683 | Zot:5    | Killed an orb of fire
 84947 | Pan      | Entered Pandemonium
 84947 | Pan      | Found an exit through the horrors of the Abyss.
 84954 | Pan      | Lost mutation: You are clumsy. (Dex -2) [a cacodemon]
 85231 | Pan      | Noticed Ignacio
 85244 | Pan      | Noticed Cuddioryxe the pandemonium lord
 85326 | Pan      | Killed Cuddioryxe the pandemonium lord
 85521 | Pan      | Found a runed translucent door.
 85524 | Pan      | Entered the realm of Lom Lobon.
 86792 | Pan      | Noticed Lom Lobon
 86799 | Pan      | Got a magical rune of Zot
 87558 | Pan      | Noticed Miuhamiume the pandemonium lord
 87567 | Pan      | Killed Miuhamiume the pandemonium lord
 87644 | Pan      | Gained mutation: Armour fits poorly on your strangely
                  | shaped body. [a neqoxec]
 87679 | Pan      | Noticed Lom Lobon
 87718 | Pan      | Gained mutation: You do not regenerate when monsters are
                  | visible. [a cacodemon]
 87724 | Pan      | Killed Lom Lobon
 87727 | Pan      | Reached skill level 15 in Evocations
 87778 | Pan      | Lost mutation: You do not regenerate when monsters are
                  | visible. [potion of mutation]
 87778 | Pan      | Lost mutation: You are frail. (-10% HP) [potion of
                  | mutation]
 87778 | Pan      | Gained mutation: You have an increased reservoir of magic.
                  | (+10% MP) [potion of mutation]
 87778 | Pan      | Lost mutation: You are weak. (Str -2) [potion of mutation]
 88852 | Pan      | Found a huge runed translucent gate.
 88855 | Pan      | Found a huge runed translucent gate.
 88856 | Pan      | Found a huge runed translucent gate.
 88856 | Pan      | Found a huge runed translucent gate.
 88856 | Pan      | Found a huge runed translucent gate.
 88856 | Pan      | Found a huge runed translucent gate.
 88860 | Pan      | Found a huge runed translucent gate.
 88863 | Pan      | Noticed Bukurec the pandemonium lord
 89175 | Pan      | Entered the realm of Cerebov.
 89459 | Pan      | Noticed Ignacio
 89477 | Pan      | Killed Ignacio
 89688 | Pan      | Found an exit through the horrors of the Abyss.
 90673 | Pan      | Reached skill level 23 in Fighting
 91009 | Pan      | Identified the ring "Zikog" {rElec rC+ SInv}
 91235 | Pan      | Found the +6 sword of Cerebov {flame}
 91235 | Pan      | Noticed Cerebov
 91747 | Pan      | Identified the amulet of Ofuohab {RegenMP +Blink rF- Int+2}
 91791 | Pan      | Killed Cerebov
 92098 | Pan      | Got the Secrets of Frozen Blows
 92166 | Pan      | Got a fiery rune of Zot
 92621 | Pan      | Took an exit into the Abyss.
 92621 | Abyss:2  | Escaped into the Abyss
 92977 | Depths:4 | Escaped the Abyss
 93211 | Zot:5    | Noticed an orb of fire
 93220 | Zot:5    | Noticed an orb of fire
 93220 | Zot:5    | Noticed an orb of fire
 93230 | Zot:5    | Killed an orb of fire
 93272 | Zot:5    | Gained mutation: You sometimes lose your temper in combat.
                  | [mutagenic glow]
 93289 | Zot:4    | Gained mutation: Your spells are a little easier to cast,
                  | but a little less powerful. [mutagenic glow]
 93722 | Zot:5    | Gained mutation: Your mind is acute. (Int +4, Str/Dex -1)
                  | [an orb of fire]
 93910 | Zot:5    | Killed an orb of fire
 93914 | Zot:5    | Gained mutation: Your flesh is heat resistant. (rF+) [an
                  | orb of fire]
 93922 | Zot:5    | Killed an orb of fire
 94329 | Zot:5    | Killed an ancient lich
 94362 | Zot:5    | Reached skill level 24 in Fighting
 94638 | Zot:5    | Killed an orb of fire
 94718 | Zot:5    | Got the Orb of Zot
 94787 | Zot:5    | Noticed Zockamp the pandemonium lord
 94815 | Zot:1    | Noticed Poura the pandemonium lord
 94866 | Zot:1    | Noticed Aschoighu the pandemonium lord
 94906 | Zot:1    | Noticed Setemp the pandemonium lord
 94908 | Zot:1    | Killed Aschoighu the pandemonium lord
 94923 | Zot:1    | Killed Setemp the pandemonium lord
 95052 | Depths:3 | Noticed Doik the pandemonium lord
 95188 | D:14     | Noticed Buexickumuh the pandemonium lord
 95210 | D:14     | Killed Buexickumuh the pandemonium lord
 95521 | D:$      | Escaped with the Orb!

Illustrated notes

Levels and vault maps discovered:
D:1:      minmay_arrival_radiant_lines, layout_loops_ring
D:2:      cheibrodos_pilgrimage, layout_basic, basic_altar, serial_bayou,
          serial_bayou_lake_a, serial_bayou_pond_e, serial_bayou_lagoon_a,
          serial_bayou_shore_b, uniq_terence
D:3:      layout_loops_cross
D:4:      layout_cave_pools, nicolae_elyvilon_temple_path, uniq_pikel
D:5:      layout_loops_cross, lightli_ossuary_entry_decrepit_ruins,
          minmay_shop_damaged, uniq_blork_the_orc
D:6:      layout_rooms, lemuel_temple_firewalk_a, minmay_crossroads,
          uniq_sigmund
D:7:      layout_basic, serial_demonic, serial_demonic_g, serial_demonic_d,
          serial_demonic_c, serial_demonic_a, serial_demonic_f,
          serial_demonic_a, nicolae_water_bricks
D:8:      layout_loops_ring
D:9:      layout_roguey, kennysheep_mini_moat, minmay_lair_entry_grove,
          zombieorc2_lemuel
D:10:     layout_irregular_city, nicolae_gozag_seed_capital,
          nicolae_overflow_hidden_temple, uniq_harold, uniq_joseph, uniq_maurice
D:11:     layout_grid_maze
D:12:     layout_loops_ring, gauntlet_entry_generic, portal_ice_cave_rime,
          tso_metal_star
D:13:     layout_roguey [special_room_orc]
D:14:     layout_layer_cave, ximxim_vaults_locker_room, dreamdust_wishing_well
D:15:     grunt_enter_depths_hoard, layout_basic, minmay_tree_intersection
Temple:   minmay_crystal_spiral_temple
Lair:1:   layout_roguey
Lair:2:   layout_cellular_growth, palyth_hydra_swamp_entry, worms_lemuel
Lair:3:   layout_hall_layers, hellmonk_spider_entry_not_the_bees,
          eino_small_chamber_without_monster, st_stairs_10, uniq_rupert
Lair:4:   layout_regular_city, hangedman_lair_generics_rect, lemuel_fruit_tree,
          uniq_snorg
Lair:5:   gammafunk_lair_ancient_temple, layout_loops_ring, slime_entry_1,
          st_stairs_11, nicolae_lair_lindhole
Swamp:1:  layout_basic_swamp, evilmike_swamp_ruin_house_3, swamp_pool2
Swamp:2:  layout_basic_swamp, hangedman_swamp_ruin_wall
Swamp:3:  layout_falls_marsh, serial_swamp_ruin, evilmike_swamp_ruin_house_5,
          evilmike_swamp_ruin_rubble_2, evilmike_swamp_ruin_house_4,
          swamp_pool1, uniq_kirke
Swamp:4:  swamp_alternative, layout_basic_swamp
Spider:1: layout_spider_delve, nicolae_spider_solar_radiation
Spider:2: layout_spider_delve, gammafunk_ghost_berserking_beasts
Spider:3: layout_spider_delve, nzn_ghost_randoct
Spider:4: grunt_spider_rune_circles, gammafunk_ghost_mausoleum
Slime:1:  layout_caves
Slime:2:  layout_caves
Slime:3:  layout_caves
Slime:4:  layout_caves
Slime:5:  slime_pit_nicolae_royal_road_to_ruin, uniq_donald
Orc:1:    layout_caves
Orc:2:    st_orc_elflike, layout_caves, basic_altar, nicolae_orc_lava_room,
          uniq_nessos
Elf:1:    nicolae_elf_arrival_dilemma, layout_geoelf_octagon, serial_shops,
          shop, minmay_elf_necromancy, uniq_louise
Elf:2:    nicolae_elf_blades_crystal_corner, layout_onion_city, uniq_roxanne,
          uniq_aizul, uniq_asterion
Elf:3:    minmay_elf_hall_furrowed, layout_loops_cross
Vaults:1: nicolae_vaults_taking_the_gang_shopping, ontoclasm_vaults_misaligned,
          ontoclasm_vaults_loading_screen, nicolae_vaults_little_squares_1,
          nicolae_vaults_trapezoid_4, nicolae_vaults_little_squares_2,
          v_pattern_4, nicolae_vaults_shipping_containers_5,
          nicolae_vaults_doubleplus_tesselated, nicolae_vaults_heist,
          nicolae_vaults_offset_grid_hallway_3,
          nicolae_vaults_trapezoid_lopsided_3, nicolae_vaults_network_s,
          layout_vaults_omnigrid, serial_shops, shop
Vaults:2: ontoclasm_vaults_eye, minmay_crypt_entry_skeletal_spiral, v_rooms_6,
          vaults_mumra_minichess_inversion, nicolae_vaults_circle_grid_b,
          vaults_room_hallway, vaults_mumra_hexcomb, vaults_dpeg_ring,
          nicolae_vaults_little_squares_1, nicolae_vaults_sealed_display,
          layout_vaults_big_room, serial_shops, shop, uniq_margery, uniq_mennas,
          uniq_bai_suzhen
Vaults:3: mu_enter_wizlab_2, nicolae_vaults_closet_pinwheel_4,
          nicolae_vaults_heart-shaped_vault, nicolae_vaults_storage_room_water,
          nicolae_vaults_sesquioval_fish, ontoclasm_vaults_chip, v_misc_24,
          nicolae_vaults_shock_wave, v_misc_13, v_misc_24,
          hangedman_vaults_cutoff, nicolae_vaults_network_quinsquares
          [nicolae_vaults_network_quincunx_subvault,
          nicolae_vaults_network_quincunx_subvault,
          nicolae_vaults_network_quincunx_subvault,
          nicolae_vaults_network_quincunx_subvault],
          nicolae_vaults_variable_pillar_hall, hangedman_vaults_impose,
          nicolae_vaults_circle_grid_b, nicolae_vaults_trapezoid_2,
          layout_vaults_maze
Vaults:4: vaults_room_stairs_pillars, nicolae_vaults_little_squares_3,
          nicolae_vaults_double_plus_3, nicolae_vaults_cornered_office,
          nicolae_vaults_shelves_hall, v_rooms_5, gammafunk_sealed_arena,
          nicolae_vaults_turnstiles, nicolae_vaults_hexular_roomagon,
          vaults_room_door_ring, v_misc_26, nicolae_vaults_steering_wheel,
          layout_vaults_omnibox, serial_shops, shop, shop, shop,
          nicolae_shop_overgrown_old_shop, shop
Vaults:5: uniq_xtahua
Crypt:1:  layout_gridlike, grunt_crypt_arrival_webbed, uniq_josephina, uniq_vv
Crypt:2:  layout_misc_corridors
Crypt:3:  evilmike_haunted_forest
Depths:1: layout_cave_pools, pan_entry, basic_altar, hell_entry,
          beargit_elvish_explorers
Depths:2: minmay_connected_triangles_in_corner, layout_basic, enter_ziggurat_e,
          nicolae_hexahallways, hell_entry, nicolae_trove_entry_crystal,
          rand_demon_pan_entry_8, nicolae_wu_jian_wuxing_cycle
Depths:3: minmay_the_grid_3x3 [minmay_the_grid_eight, minmay_the_grid_rooms,
          minmay_the_grid_airy, minmay_the_grid_minigrid_small,
          minmay_the_grid_pillar_ring, minmay_the_grid_odd_star,
          minmay_the_grid_holed_spiral, minmay_the_grid_dragon_a,
          minmay_the_grid_prize_trominoes], layout_cave_pools,
          hangedman_geh_valley, fedhas_altar_4, minmay_room_of_horrors,
          kilobyte_mutagenic_chamber, uniq_norris, uniq_sojobo
Depths:4: grunt_zot_entry_gee_three, layout_gridlike, rand_demon_pan_entry_1,
          hell_entry, lemuel_statue_altar, uniq_boris
Zot:1:    lemuel_acid_trip, layout_cathedral_of_symmetry, bh_zot_levy_curve,
          uniq_grunn
Zot:2:    layout_cathedral_of_symmetry, st_small_dragon_hoard_4
Zot:3:    layout_cathedral_of_symmetry, ebering_ghost_disaster_area
Zot:4:    layout_misc_corridors, grunt_megastairs_2
Zot:5:    layout_onion

Skill      XL: |  1  2  3  4  5  6  7  8  9 10 11 12 13 14 15 16 17 18 19 20 21 22 23 24 25 26 27 |
---------------+----------------------------------------------------------------------------------+-----
Dodging        | 2 3 4 5 6 7 8 9 10 11 12 13 14 15 17 18 19 20 21 23 | 23.0
Shapeshifting  | 3 4 |  4.6
Fighting       | 2 3 4 5 6 7 9 11 12 14 15 16 17 18 19 20 22 24 | 24.4
Ranged Weapons | 1 5 7 9 11 12 13 14 15 16 17 19 20 22 | 22.0
Invocations    | 3 6 8 10 11 13 14 17 19 21 | 21.4
Evocations     | 2 4 6 7 10 13 15 | 15.0
Armour         | 3 5 7 9 11 12 13 15 17 18 19 20 23 | 23.5
Stealth        | 2 5 7 9 10 12 14 16 | 16.0
Unarmed Combat | |  2.9

Action                     |  1- 3 |  4- 6 |  7- 9 | 10-12 | 13-15 | 16-18 | 19-21 | 22-24 | 25-27 || total
---------------------------+-------+-------+-------+-------+-------+-------+-------+-------+-------++-------
  Melee: Unarmed           |    18 |     7 |    28 |       |       |       |       |       |       ||    53
         Dagger            |    77 |   151 |       |       |       |       |       |       |       ||   228
         Punch             |     3 |     4 |       |       |       |       |       |       |       ||     7
         Orcbow            |       |       |       |       |     6 |    10 |       |       |       ||    16
         Pair of quick bla |       |       |       |       |       |       |       |       |    98 ||    98
   Fire: Orcbow            |       |       |   228 |   643 |  1471 |  2014 |  1553 |       |       ||  5909
         Longbow           |       |       |       |       |    61 |       |   645 |  1850 |  3373 ||  5929
 Invoke: Shadow Step       |       |       |       |       |       |       |     2 |       |       ||     2
Ability: Word of Chaos     |       |       |       |       |       |       |       |       |     9 ||     9
  Evoke: Wand              |       |       |       |    10 |    12 |    19 |     5 |    10 |    21 ||    77
         Phantom mirror    |       |       |       |       |       |       |       |       |     3 ||     3
         Phial of floods   |       |       |       |       |       |       |       |       |     1 ||     1
    Use: Scroll            |     2 |     1 |    12 |    13 |    14 |     9 |    20 |     9 |    18 ||    98
         Potion            |       |     4 |       |     7 |    11 |     3 |    11 |     5 |    26 ||    67
 Armour: Animal skin       |     2 |       |       |       |       |       |       |       |       ||     2
         Ring mail         |    10 |    27 |    11 |    19 |    13 |       |       |       |       ||    80
         Skin              |       |    12 |       |       |       |       |       |       |       ||    12
         Quicksilver drago |       |       |       |       |    59 |   302 |    76 |       |       ||   437
         Pearl dragon scal |       |       |       |       |       |       |   136 |   313 |   540 ||   989
  Dodge: Dodged            |    52 |    54 |    50 |   163 |   258 |   647 |   573 |   875 |  1540 ||  4212
  Block: Other             |       |    15 |    14 |    29 |    43 |   119 |   182 |   252 |   480 ||  1134
         Form:             |       |       |       |       |     1 |       |       |       |       ||     1

Table legend: (Time is in decaauts)
 A = Elapsed time spent in this place.
 B = Non-inter-level travel time spent in this place.
 C = Inter-level travel time spent in this place.
 D = Time resting spent in this place.
 E = Time spent auto-exploring this place.
 F = Levels seen in this place.
 G = Mean time per level.
                   A        B        C        D        E       F      G
               +--------+--------+--------+--------+--------+-----+--------+
         Total |  92770 |  85508 |   7262 |  16984 |  47584 |  68 | 1364.3 |
       Dungeon |  19937 |  17434 |   2503 |   2716 |  12121 |  15 | 1329.1 |
        Temple |     26 |      2 |     24 |      0 |      0 |   1 |   26.0 |
          Lair |   8198 |   7226 |    972 |   1389 |   4539 |   5 | 1639.6 |
         Swamp |   3460 |   3307 |    153 |    692 |   1818 |   4 |  865.0 |
   Spider Nest |  10100 |   9550 |    550 |   3628 |   4190 |   4 | 2525.0 |
    Slime Pits |   2453 |   2405 |     48 |   1003 |    268 |   5 |  490.6 |
  Orcish Mines |   2732 |   2243 |    489 |    847 |    983 |   2 | 1366.0 |
   Elven Halls |   3678 |   3413 |    265 |    392 |   1884 |   3 | 1226.0 |
        Vaults |  10384 |   9676 |    708 |   1277 |   5570 |   5 | 2076.8 |
         Crypt |   4262 |   4074 |    188 |    373 |   2672 |   3 | 1420.7 |
        Depths |   7433 |   6654 |    779 |    682 |   4033 |   4 | 1858.2 |
           Zot |  10042 |   9465 |    577 |   2125 |   5493 |   5 | 2008.4 |
         Abyss |    739 |    739 |      0 |      0 |    242 |   2 |  369.5 |
   Pandemonium |   7408 |   7408 |      0 |   1727 |   3250 |   5 | 1481.6 |
         Trove |     80 |     80 |      0 |      0 |      0 |   1 |   80.0 |
       Ossuary |    237 |    237 |      0 |      0 |     76 |   1 |  237.0 |
      Ice Cave |    165 |    165 |      0 |      0 |      0 |   1 |  165.0 |
        Wizlab |    879 |    879 |      0 |    108 |    273 |   1 |  879.0 |
      Gauntlet |    549 |    549 |      0 |     17 |    168 |   1 |  549.0 |
               +--------+--------+--------+--------+--------+-----+--------+

Top non-repeatable levels by time:
Spider:2: 3982 daAuts
   Zot:5: 3786 daAuts
    D:14: 3160 daAuts
Vaults:1: 2573 daAuts
Spider:4: 2293 daAuts
Vaults:5: 2282 daAuts
Spider:3: 2233 daAuts
 Crypt:3: 2199 daAuts
Vaults:2: 2149 daAuts
    D:11: 2125 daAuts
Depths:4: 2088 daAuts
   Orc:2: 2030 daAuts
    D:10: 1977 daAuts
  Lair:3: 1919 daAuts
Depths:3: 1913 daAuts
